 Dungeon Crawl Stone Soup version 0.27-a0-1051-g288ea87c7c (webtiles) character file.

Game seed: 6019451144748305107

55620 vhaine the Grappler (level 14, 0/110 HPs)
             Began as a Demonspawn Gladiator on Apr 20, 2021.
             Was a High Priest of Trog.
             Slain by a boulder beetle (50 damage)
             ... on level 6 of the Lair of Beasts on Apr 21, 2021.
             The game lasted 01:06:41 (26918 turns).

vhaine the Grappler (Demonspawn Gladiator)         Turns: 26918, Time: 01:06:42

Health: 0/110      AC:  9    Str: 18    XL:     14   Next: 39%
Magic:  14/14      EV: 18    Int: 10    God:    Trog [*****.]
Gold:   836        SH:  0    Dex: 16    Spells: 13/13 levels left

rFire    . . .     SeeInvis +     - Unarmed
rCold    . . .     Faith    .   (no shield)
rNeg     + . .     Spirit   .   m - +2 leather armour "Poovul" {rN+ Slay+6}
rPois    .         Reflect  .   (helmet unavailable)
rElec    .         Harm     .   e - scarf {repulsion}
rCorr    .         Rampage  .   (no gloves)
Will     +....                  (no boots)
Stlth    +.........             (no amulet)
HPRegen  0.28/turn              s - ring of see invisible
MPRegen  0.14/turn              R - +4 ring of protection

@: on berserk cooldown, repel missiles
A: claws 2, hooves 2, horns 3, demonic guardian 1, ignite blood 2, corrupting
presence 1
a: Renounce Religion, Berserk, Trog's Hand, Brothers in Arms


You were on level 6 of the Lair of Beasts.
You worshipped Trog.
Trog was extremely pleased with you.
You visited 2 branches of the dungeon, and saw 18 of its levels.

You collected 990 gold pieces.
You spent 154 gold pieces at shops.

Inventory:

Missiles
 c - a throwing net (quivered)
 f - 8 atropa-tipped darts
 O - 2 javelins
 P - 7 silver javelins
Armour
 e - a scarf of repulsion (worn)
 m - the +2 leather armour "Poovul" (worn) {rN+ Slay+6}
   (You bought it in a shop on level 1 of the Dungeon)

   It affects your accuracy and damage with ranged weapons and melee attacks
   (+6).
   It protects you from negative energy.
 p - a +3 leather armour
 x - a scarf of shadows
Jewellery
 s - a ring of see invisible (left claw)
 z - a ring of fire
 B - a ring of flight
 C - a ring of protection from cold
 G - a ring of positive energy
 L - a ring of wizardry
 R - a +4 ring of protection (right claw)
 S - a +6 ring of intelligence
 T - a ring of fire
Wands
 t - a wand of iceblast (24)
 u - a wand of flame (36)
 y - a wand of acid (5)
 A - a wand of digging (8)
 E - a wand of paralysis (11)
 H - a wand of mindburst (9)
 J - a wand of polymorph (7)
Scrolls
 b - a scroll of vulnerability
 d - 9 scrolls of identify
 h - 2 scrolls of amnesia
 l - 5 scrolls of noise
 q - 3 scrolls of immolation
 r - 2 scrolls of holy word
 v - a scroll of magic mapping {unknown}
 K - a scroll of brand weapon {unknown}
 M - 2 scrolls of enchant weapon {unknown}
 Q - a scroll of acquirement {unknown}
Potions
 a - 4 potions of degeneration {unknown}
 g - 3 potions of brilliance
 i - 3 potions of attraction {unknown}
 j - 8 potions of curing
 k - 2 potions of resistance {unknown}
 n - 2 potions of ambrosia {unknown}
 o - a potion of mutation {unknown}
 w - a potion of haste {unknown}
 D - a potion of magic
 F - 2 potions of heal wounds
 I - 2 potions of invisibility {unknown}
 N - a potion of might {unknown}


   Skills:
 - Level 10.0 Fighting
 - Level 11.2 Throwing
 + Level 12.7 Dodging
 - Level 14.0 Unarmed Combat


You had 13 spell levels left.
You didn't know any spells.
Your spell library was empty.

Dungeon Overview and Level Annotations

Branches:
Dungeon (12/15)            Temple (0/1) D:5            Lair (6/6) D:11
  Swamp (0/4) Lair:4        Snake (0/4) Lair:3
  Slime: Lair:5-6       Orc: D:9-12

Altars:
Nemelex Xobeh
Okawaru
Trog
Vehumet
Yredelemnul
Jiyva

Shops:
D:1 [   D:2 (   D:6 *   D:11 ?

Portals:
Abyss: D:4

Annotations:
D:4 2 transporters, Zeld's ghost, amateur OpFi
D:7 1 runed translucent door, siradein's ghost, novice DsBr
Lair:1 3 runed translucent doors, Zenkrye's ghost, journeyman DgAr


Innate Abilities, Weirdness & Mutations

You have very sharp fingernails.
You have hoof-like feet.
You have a pair of large horns on your head.
A weak demonic guardian rushes to your aid.
Your demonic aura often causes spilled blood to erupt in flames Your presence sometimes corrodes those you injure.


Message History

You claw the death yak! You kick the death yak! You headbutt the death yak!
The death yak is almost dead.
A dream sheep comes into view.
You mangle the death yak!!
You kill the death yak!
Trog accepts your kill.
You barely miss the death yak. You kick the death yak.
The death yak is lightly wounded.
You mangle the death yak!! You kick the death yak! You headbutt the death yak.
The death yak is heavily wounded.
The death yak is engulfed in blazing flames.
The death yak gores you!!
You are too injured to fight recklessly!
You scratch the death yak but do no damage.
You headbutt the death yak!!
You kill the death yak!
Trog accepts your kill.
You are too berserk!
You feel a strong urge to attack something.
You are no longer berserk.
You are exhausted.
You feel yourself slow down.
The dream sheep ruffles its wool and motes of dream dust sparkle, to no effect.
The dream sheep ruffles its wool and motes of dream dust sparkle, to no effect.
Your orange demon disappears in a puff of smoke!
The boulder beetle leaps!
There are monsters nearby!
The dream sheep ruffles its wool and motes of dream dust sparkle, to no effect.
The boulder beetle curls into a ball and begins rolling!
The dream sheep ruffles its wool and motes of dream dust sparkle, to no effect. x2
The dream sheep ruffles its wool and motes of dream dust sparkle, to no effect.
The dream sheep ruffles its wool and motes of dream dust sparkle, to no effect.
You feel yourself speed up.
The boulder beetle curls into a ball and begins rolling!
The dream sheep ruffles its wool and motes of dream dust sparkle, to no effect.
A water moccasin comes into view.
The water moccasin hisses angrily.
The dream sheep ruffles its wool and motes of dream dust sparkle, to no effect.
The boulder beetle hits you!!!
You die...

...................#
.......#......##..#
#............##.## ##
##........P..#P..# ...
#..S............# ....
##...........#††# P....
#P...........##.##
#.....#....°#○.....#..P#
###..@B○°.##○.'####.##
##.####....##B...##...#
..##..P..P...Y.....##.#.##
..................°.....#
........................#
........................#
........................##
...).........P####.......#
..#...##.#......#.###...##


You could see a boulder beetle (rolling), a water moccasin and a dream sheep.

Vanquished Creatures
  Gastronok (Lair:2)
  6 hydras
  Erica (D:8)
  4 two-headed ogres
  13 death yaks
  A lindwurm (Lair:5)
  An ugly thing (D:11)
  7 elephants (Lair:4)
  6 black mambas
  A rime drake (Lair:3)
  9 cane toads
  A gargoyle (D:10)
  18 komodo dragons
  A polar bear (Lair:4)
  A troll (D:11)
  32 blink frogs
  A hornet (D:11)
  13 dream sheep
  Sigmund (D:2)
  A vampire (D:11)
  5 wyverns
  31 yaks
  3 basilisks
  3 nagas (Lair:3)
  2 swamp worms (Lair:4)
  Duvessa (D:7)
  12 water moccasins
  An orc warrior (D:8)
  3 black bears
  Purgy (D:4)
  3 centaurs
  An ogre (D:7)
  5 wolves (Lair:3)
  2 phantoms
  3 kobold brigands
  16 bullfrogs
  A gnoll sergeant (D:8)
  A wyvern zombie (D:7)
  A scorpion (D:4)
  A water moccasin zombie (D:7)
  Dowan (D:7)
  2 water moccasin skeletons
  4 wights (D:8)
  A howler monkey (D:6)
  3 electric eels
  2 jellies
  2 bullfrog skeletons (D:5)
  6 centaur zombies
  A gnoll shaman (D:2)
  5 orc priests
  2 centaur skeletons (D:7)
  Terence (D:2)
  5 iguanas
  10 orc wizards
  Natasha (thrice) (D:4)
  A hound skeleton (D:4)
  Robin (D:4)
  A howler monkey zombie (D:10)
  11 gnolls
  14 adders
  A river rat (D:4)
  2 worms
  4 dart slugs
  34 orcs
  6 endoplasms
  4 giant cockroaches
  5 goblins
  13 hobgoblins
  4 jackals
  A quokka (D:2)
  12 ball pythons
  4 bats
  8 frilled lizards
  22 kobolds
  12 rats
423 creatures vanquished.

Vanquished Creatures (collateral kills)
  2 hydras
  7 death yaks (Lair:3)
  A tyrant leech (Lair:4)
  A water moccasin (Lair:1)
  A bullfrog (Lair:1)
12 creatures vanquished.

Vanquished Creatures (others)
  38 fungi
  66 plants
104 creatures vanquished.

Grand Total: 539 creatures vanquished

Notes
Turn   | Place    | Note
-------+----------+-------------------------------------------
     0 | D:1      | vhaine the Demonspawn Gladiator began the quest for the
                  | Orb.
     0 | D:1      | Reached XP level 1. HP: 16/16 MP: 1/1
   278 | D:1      | Gained mutation: You have a pair of small horns on your
                  | head. [demonic ancestry]
   278 | D:1      | Reached XP level 2. HP: 22/23 MP: 2/2
   748 | D:1      | Found a faded altar of an unknown god.
   775 | D:1      | Became a worshipper of Trog the Wrathful
   775 | D:1      | Reached * piety under Trog
   885 | D:1      | Found Lisoh Onn's Antique Armour Shoppe.
   894 | D:1      | Gained mutation: You have sharp fingernails. [demonic
                  | ancestry]
   894 | D:1      | Reached XP level 3. HP: 27/29 MP: 3/3
  1248 | D:2      | Noticed Sigmund
  1254 | D:2      | Found Jumn's Weapon Boutique.
  1846 | D:2      | Reached skill level 3 in Unarmed Combat
  1846 | D:2      | Gained mutation: You have large cloven feet. [demonic
                  | ancestry]
  1846 | D:2      | Reached XP level 4. HP: 37/37 MP: 4/4
  1911 | D:2      | Noticed Terence
  1928 | D:2      | Killed Terence
  2805 | D:3      | Gained mutation: You have hoof-like feet. [demonic
                  | ancestry]
  2805 | D:3      | Reached XP level 5. HP: 42/43 MP: 5/5
  2831 | D:3      | Reached ** piety under Trog
  3170 | D:3      | Noticed an orc warrior
  3212 | D:2      | Killed Sigmund
  3213 | D:2      | Reached skill level 5 in Fighting
  3213 | D:2      | Reached skill level 4 in Unarmed Combat
  3213 | D:2      | Gained mutation: You have a pair of horns on your head.
                  | [demonic ancestry]
  3213 | D:2      | Reached XP level 6. HP: 40/51 MP: 6/6
  4092 | D:4      | Reached skill level 5 in Unarmed Combat
  4154 | D:4      | Gained mutation: You have a pair of large horns on your
                  | head. [demonic ancestry]
  4154 | D:4      | Reached XP level 7. HP: 39/58 MP: 7/7
  4343 | D:4      | Reached *** piety under Trog
  4586 | D:4      | Noticed Robin
  4590 | D:4      | Killed Robin
  4651 | D:4      | Noticed Purgy
  4660 | D:4      | Killed Purgy
  4845 | D:4      | Found a transporter.
  4852 | D:4      | Noticed Natasha
  4863 | D:4      | Killed Natasha
  4941 | D:4      | Found a transporter.
  4960 | D:4      | Noticed Zeld's ghost (amateur OpFi)
  4961 | D:4      | Found a one-way gate to the infinite horrors of the Abyss.
  5016 | D:4      | Reached skill level 6 in Unarmed Combat
  5410 | D:4      | Found an iron altar of Okawaru.
  5496 | D:4      | Noticed Natasha
  5503 | D:4      | Killed Natasha
  5510 | D:5      | Entered Level 5 of the Dungeon
  5517 | D:4      | Noticed Natasha
  5528 | D:4      | Killed Natasha
  5563 | D:5      | Gained mutation: A weak demonic guardian rushes to your
                  | aid. [demonic ancestry]
  5563 | D:5      | Reached XP level 8. HP: 67/67 MP: 8/8
  5681 | D:5      | Found a staircase to the Ecumenical Temple.
  6005 | D:5      | Reached **** piety under Trog
  6345 | D:5      | Found a basalt altar of Yredelemnul.
  6598 | D:6      | Reached skill level 7 in Unarmed Combat
  6856 | D:6      | Found Avaajurch's General Store.
  8015 | D:7      | Gained mutation: You have very sharp fingernails. [demonic
                  | ancestry]
  8015 | D:7      | Reached XP level 9. HP: 48/76 MP: 9/9
  8264 | D:7      | Noticed Dowan
  8304 | D:7      | Killed Dowan
  8500 | D:7      | Noticed Duvessa
  8515 | D:7      | Killed Duvessa
  8516 | D:7      | Reached skill level 8 in Unarmed Combat
  8789 | D:7      | Noticed siradein's ghost (novice DsBr)
  8792 | D:7      | Found a runed translucent door.
  9137 | D:7      | Found a sparkling altar of Nemelex Xobeh.
  9818 | D:8      | Reached skill level 10 in Fighting
  9818 | D:8      | Reached skill level 9 in Unarmed Combat
 10344 | D:8      | Found a radiant altar of Vehumet.
 10613 | D:8      | Reached skill level 10 in Unarmed Combat
 10788 | D:9      | Noticed Erica
 11099 | D:9      | Reached XP level 10. HP: 77/85 MP: 10/10
 11135 | D:9      | Noticed a two-headed ogre
 11139 | D:9      | Killed a two-headed ogre
 11641 | D:10     | Entered Level 10 of the Dungeon
 11734 | D:10     | Noticed a two-headed ogre
 11744 | D:10     | Killed a two-headed ogre
 11988 | D:10     | Noticed a two-headed ogre
 11989 | D:10     | Noticed a two-headed ogre
 12281 | D:10     | Noticed a gargoyle
 12381 | D:10     | Reached skill level 11 in Unarmed Combat
 12393 | D:10     | Reached skill level 5 in Throwing
 12504 | D:10     | Killed a gargoyle
 12648 | D:10     | Killed a two-headed ogre
 13018 | D:10     | Killed a two-headed ogre
 13019 | D:10     | Reached XP level 11. HP: 64/90 MP: 11/11
 13645 | D:8      | Killed Erica
 13821 | D:1      | Bought a warped leather armour for 154 gold pieces
 13821 | D:1      | Identified the +2 leather armour "Poovul" {rN+ Slay+6} (You
                  | bought it in a shop on level 1 of the Dungeon)
 14166 | D:11     | Found Yczewaoc's Magic Scroll Boutique.
 14226 | D:11     | Found a staircase to the Lair.
 14572 | D:11     | Noticed a green ugly thing
 14627 | D:11     | Reached skill level 12 in Unarmed Combat
 14751 | D:11     | Killed a green ugly thing
 15244 | Lair:1   | Entered Level 1 of the Lair of Beasts
 15385 | Lair:1   | Noticed a four-headed hydra
 15393 | Lair:1   | Killed a four-headed hydra
 16210 | Lair:1   | Noticed a four-headed hydra
 16248 | Lair:1   | Found a runed translucent gate.
 16248 | Lair:1   | Found a runed translucent gate.
 16251 | Lair:1   | Found a runed translucent gate.
 16301 | D:11     | Killed a four-headed hydra
 16578 | Lair:1   | Gained mutation: Your presence sometimes corrodes those you
                  | injure. [demonic ancestry]
 16578 | Lair:1   | Reached XP level 12. HP: 38/97 MP: 12/12
 16584 | Lair:1   | Reached skill level 5 in Dodging
 16598 | Lair:1   | HP: 2/97 [blink frog (17)]
 17585 | Lair:1   | Noticed Zenkrye's ghost (journeyman DgAr)
 17587 | Lair:1   | Found a viscous altar of Jiyva.
 18610 | Lair:2   | Reached skill level 13 in Unarmed Combat
 18638 | Lair:2   | Noticed Gastronok
 18667 | Lair:2   | Killed Gastronok
 18744 | Lair:2   | Noticed a five-headed hydra
 18750 | Lair:2   | Killed a five-headed hydra
 20021 | Lair:3   | Found a staircase to the Snake Pit.
 20154 | Lair:3   | Noticed a death yak
 20170 | Lair:3   | Killed a death yak
 20241 | Lair:3   | Noticed a death yak
 20241 | Lair:3   | Noticed a death yak
 20258 | Lair:3   | Noticed a death yak
 20259 | Lair:3   | Noticed a death yak
 20293 | Lair:2   | Killed a death yak
 21022 | Lair:3   | Noticed a death yak
 21037 | Lair:3   | Noticed a death yak
 21037 | Lair:3   | Noticed a death yak
 21046 | Lair:3   | Noticed a death yak
 21060 | Lair:3   | Killed a death yak
 21061 | Lair:3   | Reached skill level 10 in Throwing
 21062 | Lair:3   | Killed a death yak
 21064 | Lair:3   | Killed a death yak
 21064 | Lair:3   | Noticed a death yak
 21065 | Lair:3   | Noticed a death yak
 21069 | Lair:3   | Killed a death yak
 21071 | Lair:3   | Killed a death yak
 21072 | Lair:3   | Killed a death yak
 21073 | Lair:3   | Gained mutation: Your demonic aura sometimes causes spilled
                  | blood to erupt in flames [demonic ancestry]
 21073 | Lair:3   | Reached XP level 13. HP: 22/103 MP: 13/13
 22756 | Lair:3   | Reached skill level 14 in Unarmed Combat
 24137 | Lair:4   | Reached skill level 10 in Dodging
 24359 | Lair:4   | Identified the +8 hand axe of Crusades {flame, rElec rN+
                  | Will-}
 24781 | Lair:4   | Found a staircase to the Swamp.
 25525 | Lair:5   | Gained mutation: Your demonic aura often causes spilled
                  | blood to erupt in flames [demonic ancestry]
 25525 | Lair:5   | Reached XP level 14. HP: 110/110 MP: 14/14
 26662 | Lair:6   | Entered Level 6 of the Lair of Beasts
 26743 | Lair:6   | Reached ***** piety under Trog
 26918 | Lair:6   | Slain by a boulder beetle

Illustrated notes

Levels and vault maps discovered:
D:1:      shiori_arrival_oz, layout_basic, hellmonk_ecumenical_altar_crossroads,
          serial_shops, shop_fountains, minmay_bisected
D:2:      layout_loops_ring, serial_shops, shop_fountains,
          minmay_misc_feat_doors, chequers_serial_rivers_room_a, uniq_terence,
          uniq_sigmund
D:3:      layout_rooms
D:4:      cheibrodos_thug_alley, layout_loops_ring,
          lemuel_coloured_pillars_altar, portal_sewer_entry_e,
          gammafunk_ghost_abyssal_escape, uniq_purgy, uniq_robin, uniq_natasha
D:5:      layout_loops_ring, amcnicky_altar_gilded,
          minmay_temple_entry_overgrown
D:6:      layout_loops_cross, serial_shops, shop
D:7:      layout_basic, nemelex_dance_club_becter,
          hellmonk_ghost_happy_afterlife, grunt_decor_fettered, uniq_duvessa
D:8:      layout_basic, fiery_altar_vehumet
D:9:      layout_basic, eino_tiny_chamber, uniq_erica
D:10:     layout_cave_pools, lightli_fourway_metalbox
D:11:     layout_basic, lair_entry_dummy, serial_shops, shop
D:12:     layout_rooms, erik_orc_1
Lair:1:   layout_cave_pods, gammafunk_ghost_endoplasm,
          nicolae_lair_grove_arrangements, st_stairs_10, serial_bayou_shore_a
Lair:2:   layout_layer_cave, st_stairs_12, uniq_gastronok
Lair:3:   layout_cave_pods, guppyfry_snake_entry_island, grunt_megastairs_5
Lair:4:   layout_regular_city, palyth_hydra_swamp_entry, beast_lair_carwin_6
Lair:5:   layout_hall_layers, hangedman_lair_generics_rect,
          infiniplex_staircase_pool
Lair:6:   gammafunk_lair_ancient_temple, layout_regular_city, slime_altar_1

Skill      XL: |  1  2  3  4  5  6  7  8  9 10 11 12 13 14 |
---------------+-------------------------------------------+-----
Fighting       | 3 4 5 6 7 9 10 | 10.0
Unarmed Combat | 3 4 5 6 7 10 11 12 13 14 | 14.0
Throwing       | 6 8 10 11 | 11.2
Dodging        | 4 7 11 12 | 12.7

Action                   |  1- 3 |  4- 6 |  7- 9 | 10-12 | 13-15 || total
-------------------------+-------+-------+-------+-------+-------++-------
Melee: Unarmed           |   123 |   136 |   298 |   293 |   229 ||  1079
       Headbutt          |    14 |    21 |    52 |    55 |    58 ||   200
       Kick              |       |    40 |    99 |   114 |   100 ||   353
       Punch             |       |     2 |     8 |    21 |    14 ||    45
Throw: Dart              |     1 |     3 |       |     2 |     4 ||    10
       Throwing net      |       |       |     2 |     1 |     1 ||     4
       Javelin           |       |       |       |       |    15 ||    15
Invok: Berserk           |     1 |     1 |     6 |    14 |    14 ||    36
       Brothers in Arms  |       |       |       |     5 |     1 ||     6
       Trog's Hand       |       |       |       |     1 |       ||     1
Evoke: Wand              |       |       |       |    18 |     1 ||    19
  Use: Scroll            |     2 |       |       |    16 |     2 ||    20
       Potion            |       |     1 |     2 |     3 |       ||     6
 Stab: Sleeping          |     1 |       |     1 |     1 |       ||     3
       Held in net/web   |       |       |     1 |     2 |       ||     3
       Distracted        |       |       |       |     2 |       ||     2
Armor: Leather armour    |    24 |    11 |    60 |    63 |    15 ||   173
Dodge: Dodged            |    80 |    55 |   120 |   127 |   133 ||   515
       Repelled          |       |     2 |     4 |     2 |     1 ||     9

Table legend: (Time is in decaauts)
 A = Elapsed time spent in this place.
 B = Non-inter-level travel time spent in this place.
 C = Inter-level travel time spent in this place.
 D = Time resting spent in this place.
 E = Time spent auto-exploring this place.
 F = Levels seen in this place.
 G = Mean time per level.
                   A        B        C        D        E       F      G
               +--------+--------+--------+--------+--------+-----+--------+
         Total |  27182 |  25960 |   1222 |  10157 |  12496 |  18 | 1510.1 |
       Dungeon |  15501 |  14549 |    952 |   4892 |   7582 |  12 | 1291.8 |
          Lair |  11680 |  11410 |    270 |   5265 |   4913 |   6 | 1946.7 |
               +--------+--------+--------+--------+--------+-----+--------+

Top non-repeatable levels by time:
  Lair:3: 2644 daAuts
  Lair:1: 2634 daAuts
  Lair:4: 2490 daAuts
  Lair:2: 2423 daAuts
     D:4: 1708 daAuts
     D:2: 1691 daAuts
     D:7: 1624 daAuts
     D:8: 1576 daAuts
     D:9: 1474 daAuts
     D:6: 1435 daAuts
    D:10: 1297 daAuts
    D:11: 1292 daAuts
  Lair:5: 1234 daAuts
     D:1: 1182 daAuts
     D:3: 1174 daAuts
